 Dungeon Crawl Stone Soup version 0.19-a0-599-g723c685 (webtiles) character file.

73 shenanigans the Charmwright (level 4, -3/35 HPs)
             Began as a Human Skald on June 11, 2016.
             Slain by Natasha (5 damage)
             ... on level 1 of the Dungeon.
             The game lasted 00:05:53 (3121 turns).

shenanigans the Charmwright (Human Skald)           Turns: 3121, Time: 00:05:54

Health: -3/35      AC:  5    Str: 17    XL:     4   Next: 51%
Magic:  7/7        EV: 11    Int: 13    God:
Gold:   14         SH:  0    Dex: 12    Spells: 1 memorised, 6 levels left

rFire  . . .     SeeInvis .     i - -1 dagger (curse)
rCold  . . .     Gourm    .     m - +0 ring mail
rNeg   . . .     Faith    .     (no shield)
rPois  .         Spirit   .     (no helmet)
rElec  .         Dismiss  .     (no cloak)
rCorr  .         Reflect  .     (no gloves)
SustAt .         Harm     .     (no boots)
MR     .....                    (no amulet)
Stlth  +.........               (no ring)
                                h - +4 ring of strength

@: about to teleport, slowed, very slow, not resistant to hostile enchantments,
very unstealthy
A: no striking features
a: no special abilities


You were on level 1 of the Dungeon.
You were near starving.

You visited 1 branch of the dungeon, and saw 2 of its levels.

You collected 14 gold pieces.

Inventory:

Hand Weapons
 a - a +0 hand axe
 i - a cursed -1 dagger (weapon)
 j - a +0 short sword
 k - a +2 whip of electrocution
Armour
 b - a +0 leather armour
 m - a +0 ring mail (worn)
Jewellery
 h - a +4 ring of strength (left hand)
Scrolls
 f - a scroll of teleportation
Books
 c - a book of Battle

   Spells                             Type                      Level
   a - Infusion                       Charms                       1
   b - Shroud of Golubria             Charms/Translocation         2
   c - Song of Slaying                Charms                       2
   d - Spectral Weapon                Hexes/Charms                 3
   e - Regeneration                   Charms/Necromancy            3
Comestibles
 d - a bread ration
 g - a slice of pizza
 l - a meat ration


   Skills:
 + Level 3.0 Fighting
 + Level 2.4 Axes
 + Level 2.2 Armour
 + Level 2.0 Dodging
 - Level 2.0 Spellcasting
 - Level 3.0 Charms


You had 6 spell levels left.
You knew the following spells:

 Your Spells              Type           Power        Failure   Level  Hunger
a - Infusion              Chrm           #...         14%         1    ##.....


Dungeon Overview and Level Annotations

Branches:
Dungeon (2/15)

Altars:

Annotations:
D:1 Natasha


Message History

Natasha casts a spell at you. The magic dart hits you!
Natasha claws you but does no damage.
You closely miss Natasha.
Natasha is lightly wounded.
Natasha casts a spell.
You hit Natasha but do no damage.
Natasha is lightly wounded.
Natasha claws you.
* * * LOW HITPOINT WARNING * * *
Natasha claws you.
* * * LOW HITPOINT WARNING * * *
Natasha claws you but does no damage. A mysterious force pulls you upwards.
The hatch slams shut behind you.
It was a potion of magic.
Magic courses through your body. Natasha misses you.
Natasha casts a spell at you. The magic dart hits you!
* * * LOW HITPOINT WARNING * * *
As you read the scroll of teleportation, it crumbles to dust.
You feel strangely unstable. Natasha claws you.
You die...

###########
#############.(.......########
..............#######....#...##
####.###########....#.........##
#...# #...............#
##.#.####### ###...............#
#..........# #....##...........#
#..........###..h.............##
#..........##..(@........#...##
##..#...####.............#####
##.#.....................#
#.....#.####.#..........##
...##.#.####.##....#...##
#..#..#......####.######
)....####......##.#
)....####.####....# ..........#
#>...#


You could see Natasha.

Vanquished Creatures
  A gnoll (D:1)
  An adder (D:2)
  2 worms
  3 giant geckos
  4 bats
  A giant cockroach (D:1)
  5 goblins
  9 hobgoblins
  2 ball pythons
  A giant newt (D:1)
  7 kobolds
  9 rats
45 creatures vanquished.

Notes
Turn   | Place    | Note
--------------------------------------------------------------
     0 | D:1      | shenanigans the Human Skald began the quest for the Orb.
     0 | D:1      | Reached XP level 1. HP: 16/16 MP: 3/3
    71 | D:1      | Reached XP level 2. HP: 16/22 MP: 5/5
  1013 | D:1      | Reached XP level 3. HP: 26/28 MP: 6/6
  2206 | D:1      | Reached XP level 4. HP: 24/34 MP: 0/7
  3090 | D:2      | Noticed Natasha
  3121 | D:1      | Slain by Natasha

Vault maps used:
D:1:      elethiomel_arrival_diamonds
D:2:      uniq_natasha

Skill      XL: |  1  2  3  4 |
---------------+-------------+-----
Armour         | 2 |  2.2
Dodging        | 2 |  2.0
Fighting       | 3 |  3.0
Axes           | |  2.4
Spellcasting   | |  2.0
Charms         | |  3.0

Action                   |  1- 3 |  4- 6 || total
-------------------------+-------+-------++-------
Melee: Hand axe          |    71 |       ||    71
       Dagger            |    79 |    61 ||   140
 Cast: Infusion          |     4 |     6 ||    10
  Use: Scroll            |     2 |     1 ||     3
       Potion            |       |     1 ||     1
 Stab: Sleeping          |     1 |       ||     1
  Eat: Chunk             |     4 |       ||     4
       Pizza             |       |     1 ||     1
Armor: Leather armour    |    30 |     6 ||    36
       Ring mail         |       |     3 ||     3
Dodge: Dodged            |    76 |    34 ||   110
